 Dungeon Crawl Stone Soup version 0.25-a0-505-gae4569222e (webtiles) character file.

Game seed: 4614456577846746288, levelgen mode: deterministic

15 kae the Insei (level 2, 21/23 HPs)
             Began as a Demonspawn Gladiator on Feb 14, 2020.
             Quit the game on level 2 of the Dungeon.
             The game lasted 00:00:31 (1070 turns).

kae the Insei (Demonspawn Gladiator)                Turns: 1070, Time: 00:00:31

Health: 21/23      AC:  3    Str: 14    XL:     2   Next: 34%
Magic:  2/2        EV: 12    Int:  9    God:
Gold:   34         SH:  0    Dex: 14    Spells: 1/1 levels left

rFire    . . .     SeeInvis .     - Unarmed
rCold    . . .     Gourm    .   (no shield)
rNeg     . . .     Faith    .   a - +0 leather armour
rPois    .         Spirit   .   (helmet restricted)
rElec    .         Reflect  .   (no cloak)
rCorr    .         Harm     .   (no gloves)
MR       .....                  (no boots)
Stlth    +.........             (no amulet)
HPRegen  0.07/turn              (no ring)
MPRegen  0.08/turn              (no ring)

@: no status effects
A: horns 1
a: no special abilities


You were on level 2 of the Dungeon.
You were not hungry.

You visited 1 branch of the dungeon, and saw 2 of its levels.

You collected 34 gold pieces.

Inventory:

Missiles
 c - 3 throwing nets (quivered)
Armour
 a - a +0 leather armour (worn)
 b - a +0 helmet
Jewellery
 f - an uncursed amulet of magic regeneration
Potions
 i - a potion of lignification {unknown}
Comestibles
 d - 2 rations


   Skills:
 + Level 2.3 Fighting
 - Level 1.7 Throwing
 - Level 2.6 Dodging
 * Level 3.2 Unarmed Combat


You had one spell level left.
You didn't know any spells.
Your spell library was empty.

Dungeon Overview and Level Annotations

Branches:
Dungeon (2/15)

Altars:


Innate Abilities, Weirdness & Mutations

You have a pair of small horns on your head.


Message History

You hear a shout! x2; You hear an angry hiss. x4
As you read the scroll labeled FAM IFOYGHINA, it crumbles to dust.
It is a scroll of identify.
f - an uncursed amulet of magic regeneration
As you read the scroll labeled ITERRI NE XUOS, it crumbles to dust.
You feel blessed for a moment.
It was a scroll of remove curse.
A giant cockroach comes into view.
A giant cockroach is nearby!
A giant cockroach is nearby!
The giant cockroach bites you but does no damage.
You closely miss the giant cockroach. The giant cockroach barely misses you.
You hit the giant cockroach.
The giant cockroach is almost dead.
A bat comes into view.
The giant cockroach bites you.
The bat moves out of view.
You hit the giant cockroach.
You kill the giant cockroach!
No target in view!
No target in view!
Are you sure you want to abandon this character and quit the game? (Confirm with "yes".)

#### #... ...
###.###########
#......@.......
#.##.#.#######.
##.#..#.#
#.....#.#######
#.#.##..<.......
#......#######
#####..# ....
....#.


There were no monsters in sight!

Vanquished Creatures
  3 bats (D:1)
  A giant cockroach (D:2)
  A hobgoblin (D:1)
  4 goblins (D:1)
  4 kobolds (D:1)
  2 rats (D:1)
15 creatures vanquished.

Notes
Turn   | Place    | Note
-------+----------+-------------------------------------------
     0 | D:1      | kae the Demonspawn Gladiator began the quest for the Orb.
     0 | D:1      | Reached XP level 1. HP: 16/16 MP: 1/1
   519 | D:1      | Reached skill level 3 in Unarmed Combat
   775 | D:1      | Gained mutation: You have a pair of small horns on your
                  | head. [demonic ancestry]
   775 | D:1      | Reached XP level 2. HP: 20/22 MP: 2/2
  1070 | D:2      | Quit the game

Levels and vault maps discovered:
D:1:      heliophobic_arrival_henge, layout_basic
D:2:      layout_basic, overflow_temple_1_default, tgw_trog,
          kennysheep_jessica_study

Skill      XL: |  1 |
---------------+----+-----
Unarmed Combat | 3 |  3.2
Fighting       | |  2.3
Throwing       | |  1.7
Dodging        | |  2.6

Action                   || total
-------------------------++-------
Melee: Unarmed           ||    59
       Headbutt          ||     3
  Use: Scroll            ||     3
Armor: Leather armour    ||    13
Dodge: Dodged            ||    33

Table legend:
 A = Non-vault XP
 B = Vault XP
 C = Vault XP percentage of total XP
 D = Non-vault monster count
 E = Vault monster count
 F = Vault count percentage of total count
                 A         B        C        D         E       F
            +---------+---------+-------+---------+---------+-------
      Total |      22 |       0 |   0.0 |      15 |       0 |   0.0
            +---------+---------+-------+---------+---------+-------
        D:1 |      20 |       0 |   0.0 |      14 |       0 |   0.0
        D:2 |       2 |       0 |   0.0 |       1 |       0 |   0.0
            +---------+---------+-------+---------+---------+-------
